 Dungeon Crawl Stone Soup version 0.18-a0-76-g3fe7f8b (webtiles) character file.

415 Proton the Covered (level 6, 0/57 HPs)
             Began as a Deep Dwarf Fighter on Nov 12, 2015.
             Slain by a gnoll
             ... wielding a +0 halberd
              (10 damage)
             ... on level 3 of the Dungeon.
             The game lasted 00:04:33 (1352 turns).

Proton the Covered (Deep Dwarf Fighter)             Turns: 1352, Time: 00:04:33

Health: 0/57       AC:  8    Str: 21    XL:     6   Next: 60%
Magic:  6/6        EV:  9    Int:  9    God:
Gold:   133        SH: 10    Dex: 12    Spells: 0 memorised, 5 levels left

rFire  . . .     SeeInvis .     a - +0 war axe
rCold  . . .     Clarity  .     b - +0 scale mail
rNeg   . . .     SustAt   .     c - +0 shield
rPois  .         Gourm    .     (no helmet)
rElec  .         Spirit   .     k - +0 cloak
rCorr  .         Warding  .     (no gloves)
rMut   .         Stasis   .     (no boots)
MR     .....                    (no amulet)
Stlth  ..........               (no ring)
                                (no ring)

@: non-regenerating, not resistant to hostile enchantments, extremely unstealthy
A: damage resistance, recharge devices, sense surroundings 1, slow regeneration
3
a: Device Recharging


You were on level 3 of the Dungeon.
You were not hungry.

You visited 1 branch of the dungeon, and saw 3 of its levels.

You collected 133 gold pieces.

Inventory:

Hand Weapons
 a - a +0 war axe (weapon)
Armour
 b - a +0 scale mail (worn)
 c - a +0 shield (worn)
 k - a +0 cloak (worn)
Wands
 e - a wand of heal wounds (3)
Scrolls
 g - a scroll of enchant armour {unknown}
 i - 4 scrolls of identify {unknown}
 j - 2 scrolls of enchant weapon {unknown}
 l - a scroll of amnesia {unknown}
Potions
 d - 2 potions of might
 h - a potion of curing {unknown}
 n - a potion of haste {unknown}
Comestibles
 f - 3 bread rations


   Skills:
 + Level 3.9 Fighting
 + Level 3.8 Axes
 + Level 4.9 Armour
 + Level 3.1 Dodging
 + Level 4.5 Shields


You had 5 spell levels left.
You didn't know any spells.

Dungeon Overview and Level Annotations

Branches:
Dungeon (3/15)

Altars:


Innate Abilities, Weirdness & Mutations

You are resistant to damage.
You can recharge devices by infusing magical energy.
You passively map a small area around you.
You do not regenerate naturally.


Message History

The gnoll hits you but does no damage. You block the gnoll's attack.
You slash the gnoll!
You kill the gnoll!
The gnoll barely misses you. You block the gnoll's attack.
The gnoll hits you from afar with a spear.
The gnoll hits you with a spear. The gnoll hits you with a halberd!
* * * LOW HITPOINT WARNING * * *
Found 9 gold pieces.
You see here a gnoll corpse.
You hit the gnoll but do no damage. You completely miss the gnoll.
The gnoll barely misses you. The gnoll closely misses you.
You block the gnoll's attack.
You hit the gnoll but do no damage. x2
You block the gnoll's attack. The gnoll hits you but does no damage.
You hit the gnoll but do no damage. x2
The gnoll closely misses you. x2
The gnoll barely misses you.
You closely miss the gnoll. x2
The gnoll hits you with a halberd!
You die...

* , ..................).
*, * ##...#......##....
##.##.......##........ #
#........##.##...#....
#.#..####.##..##...#..##
.... #..#######.##≈.## ,
....$ #.##* , ###.....
.....g##.### , ,≈*#≈≈#..
* ......g@†..#≈ #≈≈ *
......g....# ≈ *
,...........# ≈* * ###
...........# ≈∩≈ #>#
.>.........# ≈ ,#.. *
...........#, ≈≈ *≈ #..
#..##...#... ,#.. ##.
#####..≈≈ ≈##..
##.#####...


You could see 3 gnolls.

Vanquished Creatures
  Grinder (D:3)
  An orc priest (D:3)
  A hound (D:3)
  3 adders
  4 gnolls
  5 oozes
  2 worms
  3 orcs (D:3)
  7 bats
  3 giant cockroaches
  7 goblins
  9 hobgoblins
  10 jackals
  5 kobolds
  A quokka (D:2)
  3 giant newts
  6 rats
71 creatures vanquished.

Notes
Turn   | Place    | Note
--------------------------------------------------------------
     0 | D:1      | Proton the Deep Dwarf Fighter began the quest for the Orb.
     0 | D:1      | Reached XP level 1. HP: 20/20 MP: 1/1
    67 | D:1      | Reached XP level 2. HP: 25/27 MP: 2/2
   131 | D:1      | Reached skill level 1 in Dodging
   160 | D:1      | Reached XP level 3. HP: 29/33 MP: 3/3
   667 | D:2      | Reached skill level 4 in Armour
   672 | D:2      | Reached XP level 4. HP: 23/42 MP: 4/4
  1158 | D:3      | Noticed Grinder
  1173 | D:3      | Killed Grinder
  1173 | D:3      | Reached XP level 5. HP: 20/49 MP: 5/5
  1173 | D:3      | Reached XP level 6. HP: 22/56 MP: 6/6
  1352 | D:3      | Slain by a gnoll

Vault maps used:
D:1:      evilmike_arrival_home_sweet_home
D:3:      amethyst_overflow_temple_binary, gup_sewer_entry_pipe, uniq_grinder

Action                   |  1- 3 |  4- 6 || total
-------------------------+-------+-------++-------
Melee: War axe           |   103 |   117 ||   220
Evoke: Wand              |       |     2 ||     2
  Eat: Meat ration       |       |     1 ||     1
